 Dungeon Crawl Stone Soup version 0.24-a0-475-g5b41c6f (webtiles) character file.

Game seed: 405560144770503719

10727 Spazmo the Thaumaturge (level 11, 0/55 HPs)
             Began as a Deep Elf Fire Elementalist on July 5, 2019.
             Was a Priest of Vehumet.
             Succumbed to a black mamba's poison
             ... on level 1 of the Lair of Beasts.
             The game lasted 00:29:34 (10394 turns).

Spazmo the Thaumaturge (DEFE)                      Turns: 10394, Time: 00:29:35

Health: 0/55       AC:  9    Str:  5    XL:     11   Next: 40%
Magic:  4/30       EV: 13    Int: 33    God:    Vehumet [***...]
Gold:   566        SH:  0    Dex: 12    Spells: 18/36 levels left

rFire    + . .     SeeInvis .   u - +10 quarterstaff "Joathri" {pain, *Corrode Int+9 Dex-3 Stlth+}
rCold    x . .     Gourm    .   (shield currently unavailable)
rNeg     . . .     Faith    .   e - +1 robe {MR+}
rPois    .         Spirit   .   m - +1 helmet
rElec    .         Reflect  .   A - +0 cloak
rCorr    .         Harm     .   q - +1 pair of gloves
MR       ++...                  y - +0 pair of boots
Stlth    +++.......             f - amulet of regeneration
HPRegen  0.58/turn              s - ring of fire
MPRegen  0.22/turn              (no ring)

@: lethally poisoned (0 -> -5)
A: rugged brown scales 1, deformed body
a: Renounce Religion


You were on level 1 of the Lair of Beasts.
You worshipped Vehumet.
Vehumet was most pleased with you.
You were not hungry.

You visited 3 branches of the dungeon, and saw 12 of its levels.

You collected 566 gold pieces.

Inventory:

Hand Weapons
 n - a +0 short sword of holy wrath
 u - the +10 quarterstaff "Joathri" (weapon) {pain, *Corrode Int+9 Dex-3 Stlth+}
   (You found it on level 6 of the Dungeon)

   In the hands of one skilled in necromantic magic, it inflicts extra damage on
   living creatures.
   It affects your intelligence (+9).
   It affects your dexterity (-3).
   It may corrode you when you take damage.
   It makes you more stealthy.
Missiles
 d - 436 stones (quivered)
Armour
 e - a +1 robe of magic resistance (worn)
 m - a +1 helmet (worn)
 q - a +1 pair of gloves (worn)
 y - a +0 pair of boots (worn)
 A - a +0 cloak (worn)
Jewellery
 f - an amulet of regeneration (around neck)
 s - a ring of fire (left hand)
Wands
 p - a wand of paralysis (8)
 x - a wand of clouds (7)
 B - a wand of iceblast (10)
 E - a wand of acid (12)
 F - a wand of flame (16)
Scrolls
 a - a scroll of remove curse
 b - 2 scrolls of identify
 g - 3 scrolls of teleportation
 o - a scroll of blinking
 w - a scroll of fear
Potions
 c - a potion of brilliance
 h - 4 potions of agility
 i - 2 potions of flight
 j - 4 potions of haste
 k - a potion of cancellation
 l - a potion of heal wounds
 t - a potion of resistance
 v - a potion of invisibility
Comestibles
 r - 15 rations
 z - 7 chunks of flesh


   Skills:
 - Level 2.6 Dodging
 - Level 2.6 Stealth
 - Level 13.0 Spellcasting
 + Level 11.2 Conjurations
 + Level 11.7 Fire Magic
 + Level 3.3 Earth Magic


You had 18 spell levels left.
You knew the following spells:

 Your Spells              Type           Power        Failure   Level  Hunger
a - Flame Tongue          Conj/Fire      #####        0%          1    None
b - Throw Flame           Conj/Fire      ######       1%          2    None
c - Conjure Flame         Conj/Fire      #######.     1%          3    None
d - Sticky Flame          Conj/Fire      #######.     1%          4    None
e - Fireball              Conj/Fire      #######...   1%          5    None
f - Stone Arrow           Conj/Erth      ######       1%          3    None

Your spell library contained the following spells:

 Spells                   Type           Power        Failure   Level  Hunger
 Animate Skeleton         Necr           N/A          1%          1    None
 Apportation              Tloc           ###...       1%          1    None
 Confusing Touch          Hex            ###...       1%          1    None
 Freeze                   Ice            ###.         1%          1    None
 Summon Small Mammal      Summ           ###.         1%          1    None
 Throw Frost              Conj/Ice       ######       1%          2    None
 Inner Flame              Hex/Fire       ######..     1%          3    None
 Throw Icicle             Conj/Ice       ######..     1%          4    None
 Ozocubu's Armour         Chrm/Ice       ###.....     6%          3    None
 Summon Ice Beast         Ice/Summ       ###.....     21%         4    None


Dungeon Overview and Level Annotations

Branches:
Dungeon (10/15)            Temple (1/1) D:7            Lair (1/6) D:8
    Orc: D:9-12

Altars:
Ashenzari
Cheibriados
Dithmenos
Fedhas
Gozag
Hepliaklqana
Kikubaaqudgha
Makhleb
Nemelex Xobeh
Okawaru
Qazlal
Ru
Sif Muna
Trog
Uskayaw
Vehumet
Xom
Yredelemnul
Zin
The Shining One

Shops:
D:8 [

Annotations:
D:9 2 runed translucent doors, PanadianCanda's ghost, novice TrMo
Lair:1 Joseph


Innate Abilities, Weirdness & Mutations

You are partially covered in rugged brown scales. (AC +1, +3% HP)
Armour fits poorly on your strangely shaped body.


Message History

The water moccasin bites you.
* * * LOW HITPOINT WARNING * * *
The black mamba bites you but does no damage.
You feel better. The water moccasin closely misses you.
The black mamba bites you.
* * * LOW HITPOINT WARNING * * *
You are lethally poisoned!
The black mamba poisons you! The water moccasin closely misses you.
The black mamba bites you but does no damage.
Unknown command.
You closely miss the black mamba.
The black mamba is moderately wounded.
* * * LOW HITPOINT WARNING * * *
You feel sick. The black mamba closely misses you.
The water moccasin bites you but does no damage.
The black mamba closely misses you. The water moccasin barely misses you.
Unknown command.
You hit the black mamba.
The black mamba is heavily wounded.
You die...

##...
#.........#
.....
#.......#
###.#
#.......#
#....SS.#
#.......+
#.......#
##.#+####
##..###
##.S@#
###S# #.#
.$. ....
.....#
.....#
.......


You could see a black mamba and a water moccasin.

Vanquished Creatures
  A two-headed ogre (D:8)
  Urug (Lair:1)
  A troll (D:9)
  Prince Ribbit (D:6)
  3 hippogriffs
  16 yaks
  Sigmund (D:5)
  4 hogs (D:9)
  A human (D:9)
  A wyvern (D:9)
  Grum (D:9)
  2 basilisks
  A steam dragon (D:9)
  A hungry ghost (D:10)
  A porcupine (Lair:1)
  5 orc warriors
  A black bear (D:7)
  An eye of draining (D:8)
  A sky beast (D:5)
  2 ice beasts
  2 phantoms
  3 ogres
  4 wolves (D:9)
  7 centaurs
  A big kobold (D:10)
  A bullfrog (D:6)
  Blork the orc (D:6)
  5 scorpions
  3 electric eels (D:8)
  A howler monkey (D:4)
  6 crimson imps
  A quasit (D:7)
  A bullfrog zombie (D:7)
  7 orc priests
  A centaur zombie (D:8)
  10 orc wizards
  Crazy Yiuf (D:7)
  6 hounds
  4 jellies
  2 centaur skeletons
  5 iguanas
  7 worker ants
  A killer bee zombie (D:6)
  A hound zombie (D:10)
  A hound skeleton (D:6)
  7 adders
  3 gnolls (D:4)
  6 shadow imps
  2 oozes
  An adder zombie (D:7)
  An adder skeleton (D:4)
  2 worms
  4 dart slugs
  34 orcs
  7 bats
  8 giant cockroaches
  5 goblins
  6 hobgoblins
  9 jackals
  4 quokkas
  A ball python (D:4)
  5 frilled lizards
  10 kobolds
  A leopard gecko zombie (D:6)
  A quokka skeleton (D:4)
  3 rats
248 creatures vanquished.

Notes
Turn   | Place    | Note
-------+----------+-------------------------------------------
     0 | D:1      | Spazmo the Deep Elf Fire Elementalist began the quest for
                  | the Orb.
     0 | D:1      | Reached XP level 1. HP: 10/10 MP: 6/6
   148 | D:1      | Reached XP level 2. HP: 15/15 MP: 5/8
   154 | D:1      | Learned a level 2 spell: Throw Flame
   583 | D:2      | Reached XP level 3. HP: 8/19 MP: 0/10
   623 | D:2      | Learned a level 3 spell: Conjure Flame
   942 | D:2      | Reached skill level 4 in Spellcasting
  1836 | D:3      | Reached XP level 4. HP: 24/24 MP: 10/12
  1844 | D:3      | Learned a level 4 spell: Sticky Flame
  2486 | D:3      | Found an iron altar of Okawaru.
  2617 | D:4      | Reached XP level 5. HP: 24/28 MP: 7/14
  2699 | D:4      | Noticed a phantom
  2706 | D:4      | Killed a phantom
  2706 | D:4      | Reached skill level 5 in Spellcasting
  2783 | D:4      | Reached skill level 5 in Fire Magic
  2825 | D:4      | Reached XP level 6. HP: 32/32 MP: 4/16
  3030 | D:4      | Reached skill level 6 in Spellcasting
  3065 | D:4      | Learned a level 5 spell: Fireball
  3335 | D:5      | Entered Level 5 of the Dungeon
  3355 | D:5      | Noticed a sky beast
  3360 | D:5      | Killed a sky beast
  3360 | D:5      | Reached XP level 7. HP: 36/36 MP: 12/18
  3422 | D:5      | Reached skill level 5 in Conjurations
  3546 | D:5      | Reached skill level 7 in Spellcasting
  3917 | D:5      | Noticed Sigmund
  3938 | D:5      | Killed Sigmund
  3938 | D:5      | Reached XP level 8. HP: 25/41 MP: 9/21
  4199 | D:5      | Gained mutation: You have large cloven feet. [potion of
                  | mutation]
  4199 | D:5      | Gained mutation: You are frail. (-10% HP) [potion of
                  | mutation]
  4199 | D:5      | Gained mutation: You tend to lose your temper in combat.
                  | [potion of mutation]
  4199 | D:5      | Lost mutation: You tend to lose your temper in combat.
                  | [potion of mutation]
  4200 | D:5      | Lost mutation: You are frail. (-10% HP) [potion of
                  | mutation]
  4200 | D:5      | Lost mutation: You have large cloven feet. [potion of
                  | mutation]
  4200 | D:5      | Gained mutation: Armour fits poorly on your strangely
                  | shaped body. [potion of mutation]
  4200 | D:5      | Gained mutation: You are partially covered in rugged brown
                  | scales. (AC +1, +3% HP) [potion of mutation]
  4244 | D:6      | Reached skill level 8 in Spellcasting
  4315 | D:6      | Got a translucent quarterstaff
  4316 | D:6      | Identified the +10 quarterstaff "Joathri" {pain, *Corrode
                  | Int+9 Dex-3 Stlth+} (You found it on level 6 of the
                  | Dungeon)
  4680 | D:6      | Noticed Prince Ribbit
  4758 | D:6      | Reached skill level 9 in Spellcasting
  4962 | D:6      | Noticed Blork the orc
  4970 | D:6      | Killed Blork the orc
  5014 | D:6      | Killed Prince Ribbit
  5014 | D:6      | Reached XP level 9. HP: 22/46 MP: 6/24
  5316 | D:7      | Found an ancient bone altar of Kikubaaqudgha.
  5316 | D:7      | Found a hazy altar of Hepliaklqana.
  5316 | D:7      | Found a sparkling altar of Nemelex Xobeh.
  5423 | D:7      | Found a staircase to the Ecumenical Temple.
  5433 | Temple   | Entered the Ecumenical Temple
  5509 | Temple   | Became a worshipper of Vehumet
  5876 | D:7      | Reached skill level 10 in Spellcasting
  6000 | D:7      | Found a runed translucent door.
  6001 | D:7      | Noticed Crazy Yiuf
  6007 | D:7      | Killed Crazy Yiuf
  6285 | D:8      | Found Yhy Lia's Antique Armour Boutique.
  6350 | D:8      | Found a staircase to the Lair.
  6607 | D:8      | Reached * piety under Vehumet
  6607 | D:8      | Offered knowledge of Shock by Vehumet.
  6886 | D:8      | Noticed a two-headed ogre
  6927 | D:8      | Killed a two-headed ogre
  6927 | D:8      | Reached skill level 11 in Spellcasting
  6927 | D:8      | Reached XP level 10. HP: 51/51 MP: 5/27
  7396 | D:9      | Reached skill level 10 in Fire Magic
  7668 | D:9      | Found a large runed translucent door.
  7669 | D:9      | Found a large runed translucent door.
  7672 | D:9      | Noticed PanadianCanda's ghost (novice TrMo)
  8120 | D:9      | Noticed Grum
  8129 | D:9      | Reached skill level 12 in Spellcasting
  8129 | D:9      | Reached skill level 10 in Conjurations
  8144 | D:9      | Killed Grum
  8404 | D:9      | Found an opulent altar of Gozag.
  8404 | D:9      | Found a burning altar of Makhleb.
  8472 | D:10     | Entered Level 10 of the Dungeon
  8705 | D:10     | Offered knowledge of Sting by Vehumet.
  8785 | D:10     | Reached ** piety under Vehumet
  9036 | D:10     | Reached XP level 11. HP: 46/55 MP: 9/29
  9566 | D:10     | Offered knowledge of Stone Arrow by Vehumet.
  9571 | D:10     | Learned a level 3 spell: Stone Arrow
 10002 | Lair:1   | Entered Level 1 of the Lair of Beasts
 10090 | Lair:1   | Reached skill level 1 in Earth Magic
 10147 | Lair:1   | Reached skill level 13 in Spellcasting
 10171 | Lair:1   | Noticed Urug
 10202 | Lair:1   | Killed Urug
 10350 | Lair:1   | Reached *** piety under Vehumet
 10374 | Lair:1   | Noticed Joseph
 10392 | Lair:1   | HP: 2/55 [black mamba (6)]
 10394 | Lair:1   | Succumbed to a black mamba's poison

Levels and vault maps discovered:
D:1:      minmay_arrival_stone_box, layout_rooms, bh_walls_and_bars
D:2:      layout_basic, minmay_misc_feat_chi
D:3:      layout_loops_ring, marbit_many_paths, hangedman_decor_peaks_small
D:4:      layout_basic, first_ration
D:5:      layout_basic, uniq_sigmund
D:6:      layout_basic, st_stairs_13, uniq_blork_the_orc, uniq_prince_ribbit1
D:7:      layout_layer_cave, gammafunk_temple_overflow_claw,
          minmay_temple_entry_offerings, kb_rosetta, uniq_crazy_yiuf_cottage
D:8:      layout_basic, dpeg_oklobed_lair, serial_shops,
          nicolae_shop_waterfront, disabler_island
D:9:      layout_loops_corners, gammafunk_temple_overflow_elements,
          ebering_ghost_disaster_area, grunt_livestock,
          minmay_misc_feat_four_crosses, uniq_grum
D:10:     layout_layer_cave, wad_rectangle_vault
Temple:   eino_temple_scatter_basement
Lair:1:   layout_roguey, basic_altar, minivault_27, infiniplex_staircase_pool,
          grunt_megastairs_2, uniq_nergalle, uniq_joseph, uniq_erica, uniq_urug

Skill      XL: |  1  2  3  4  5  6  7  8  9 10 11 |
---------------+----------------------------------+-----
Conjurations   | 2 3 4 6 7 9 10 11 | 11.2
Spellcasting   | 4 5 6 7 9 11 12 13 | 13.0
Fire Magic     | 4 5 6 8 9 11 | 11.7
Earth Magic    | 3 |  3.3
Dodging        | |  2.6
Stealth        | |  2.6

Action                   |  1- 3 |  4- 6 |  7- 9 | 10-12 || total
-------------------------+-------+-------+-------+-------++-------
Melee: Short sword       |     1 |       |    39 |       ||    40
       Quarterstaff      |       |       |     8 |    21 ||    29
Throw: Stone             |       |       |     2 |       ||     2
 Cast: Flame Tongue      |    69 |   102 |   199 |   121 ||   491
       Throw Flame       |     2 |     9 |    20 |    17 ||    48
       Sticky Flame      |       |       |    21 |    32 ||    53
       Conjure Flame     |       |       |     2 |     4 ||     6
       Fireball          |       |       |     1 |    15 ||    16
Evoke: Wand              |       |       |     1 |       ||     1
  Use: Scroll            |     6 |     1 |     4 |     9 ||    20
       Potion            |     2 |     2 |     5 |     3 ||    12
 Stab: Paralysed         |       |       |     1 |       ||     1
  Eat: Chunk             |     1 |     2 |     8 |     8 ||    19
       Ration            |     1 |       |     2 |       ||     3
Armor: Robe              |     2 |     4 |    38 |    18 ||    62
Dodge: Dodged            |    10 |    18 |    69 |    53 ||   150

Table legend:
 A = Non-vault XP
 B = Vault XP
 C = Vault XP percentage of total XP
 D = Non-vault monster count
 E = Vault monster count
 F = Vault count percentage of total count
                 A         B        C        D         E       F
            +---------+---------+-------+---------+---------+-------
      Total |    9527 |    5798 |  37.8 |     210 |      38 |  15.3
            +---------+---------+-------+---------+---------+-------
        D:1 |      25 |       0 |   0.0 |      15 |       0 |   0.0
        D:2 |      71 |       0 |   0.0 |      20 |       0 |   0.0
        D:3 |      58 |       2 |   3.3 |      19 |       1 |   5.0
        D:4 |     521 |       0 |   0.0 |      21 |       0 |   0.0
        D:5 |     825 |     205 |  19.9 |      21 |       1 |   4.5
        D:6 |     912 |     394 |  30.2 |      27 |       3 |  10.0
        D:7 |     399 |     325 |  44.9 |       9 |       5 |  35.7
        D:8 |    2191 |     357 |  14.0 |      25 |       4 |  13.8
        D:9 |    1057 |    1643 |  60.9 |      10 |      10 |  50.0
       D:10 |    2052 |     437 |  17.6 |      36 |       5 |  12.2
     Lair:1 |    1416 |    2435 |  63.2 |       7 |       9 |  56.2
            +---------+---------+-------+---------+---------+-------
